 Dungeon Crawl Stone Soup version 0.26.1-11-gd32895ea62 (webtiles) character file.

Game seed: 13438110756063281006

5512 buriedalive the Nimble (level 10, -9/50 HPs)
             Began as a Deep Elf Ice Elementalist on June 2, 2021.
             Was a Believer of Ashenzari.
             Mangled by a death yak (25 damage)
             ... on level 10 of the Dungeon.
             The game lasted 00:27:37 (12130 turns).

buriedalive the Nimble (Deep Elf Ice Elementalist) Turns: 12130, Time: 00:27:37

Health: -9/50      AC:  8    Str:  5    XL:     10   Next: 43%
Magic:  5/16       EV: 23    Int: 28    God:    Ashenzari [**....]
Gold:   455        SH:  0    Dex: 15    Spells: 2/15 levels left

rFire    + . .     SeeInvis .   B - staff of cold (curse)
rCold    + . .     Faith    .   (no shield)
rNeg     . . .     Spirit   .   M - +1 leather armour {rPois}
rPois    +         Reflect  .   j - +0 helmet
rElec    .         Harm     .   r - +0 cloak
rCorr    .         Rampage  .   H - +0 pair of gloves
Will     ++...                  h - +0 pair of boots
Stlth    ++........             (no amulet)
HPRegen  0.16/turn              v - +4 ring of evasion (curse)
MPRegen  0.15/turn              R - ring of the Hart {rF+ Will+ Int+4} (curse)

@: about to teleport, frozen ramparts
A: no striking features
a: Renounce Religion, Curse Item, Scrying


You were on level 10 of the Dungeon.
You worshipped Ashenzari.
Ashenzari was pleased with you.
You visited 2 branches of the dungeon, and saw 11 of its levels.

You collected 455 gold pieces.

Inventory:

Hand Weapons
 d - a +0 dagger
 w - a +0 dagger of venom
 x - a +3 dagger of electrocution
Missiles
 i - 259 stones
 u - 25 poisoned darts (quivered)
Armour
 a - a +0 robe
 h - a +0 pair of boots (worn)
 j - a +0 helmet (worn)
 r - a +0 cloak (worn)
 z - +0 fire dragon scales
 H - a +0 pair of gloves (worn)
 M - a +1 leather armour of poison resistance (worn)
Magical Staves
 B - a cursed staff of cold (weapon)
Jewellery
 g - an uncursed ring of wizardry
 n - an uncursed ring of willpower
 s - an uncursed ring of stealth
 v - a cursed +4 ring of evasion (left hand)
 F - an uncursed amulet of faith
 K - an uncursed ring of wizardry
 L - an uncursed ring of flight
 R - the cursed ring of the Hart (right hand) {rF+ Will+ Int+4}
   (You found it on level 10 of the Dungeon)

   [ring of willpower]

   It affects your intelligence (+4).
   It protects you from fire.
   It affects your willpower, your defense against some magical effects.
   It has a curse placed upon it.
Wands
 b - a wand of polymorph (9)
 A - a wand of iceblast (18)
 D - a wand of digging (11)
 N - a wand of random effects (22)
Scrolls
 f - 3 scrolls of magic mapping
 p - a scroll of identify
 q - a scroll of remove curse
 y - a scroll of fog
 C - a scroll of amnesia
 E - 4 scrolls of teleportation
 G - 2 scrolls of enchant weapon
 J - a scroll of enchant armour {unknown}
 O - a scroll of holy word {unknown}
Potions
 c - 4 potions of brilliance
 e - 3 potions of lignification
 k - a potion of resistance
 l - a potion of cancellation
 m - 2 potions of curing
 o - 3 potions of haste
 t - 4 potions of flight
 I - a potion of heal wounds
Miscellaneous
 P - a phial of floods
 Q - a lightning rod (4/4)


   Skills:
 + Level 12.4 Dodging
 - Level 2.4 Stealth
 - Level 3.0 Spellcasting
 + Level 7.5(9.0) Conjurations
 - Level 4.6(6.0) Summonings
 - Level 10.0(11.3) Ice Magic


You had 2 spell levels left.
You knew the following spells:

 Your Spells              Type           Power        Failure   Level
a - Freeze                Ice            100%         1%          1
b - Frozen Ramparts       Ice            100%         1%          3
c - Ozocubu's Armour      Ice            79%          1%          3
d - Summon Ice Beast      Ice/Summ       68%          3%          4
e - Searing Ray           Conj           100%         1%          2

Your spell library contained the following spells:

 Spells                   Type           Power        Failure   Level
 Foxfire                  Conj/Fire      100%         1%          1
 Magic Dart               Conj           100%         1%          1
 Ensorcelled Hibernation  Hex/Ice        100%         1%          2
 Corona                   Hex            5%           13%         1
 Hailstorm                Conj/Ice       75%          1%          4
 Conjure Flame            Conj/Fire      30%          6%          3
 Dazzling Flash           Conj/Hex       60%          6%          3
 Fulminant Prism          Conj/Hex       15%          21%         4
 Iskenderun's Mystic Bla  Conj/Tloc      30%          21%         4
 Sticky Flame             Conj/Fire      30%          21%         4
 Confusing Touch          Hex            5%           36%         3
 Inner Flame              Hex/Fire       5%           36%         3
 Tukima's Dance           Hex            5%           36%         3
 Fireball                 Conj/Fire      15%          50%         5


Dungeon Overview and Level Annotations

Branches:
Dungeon (10/15)            Temple (1/1) D:4
   Lair: D:8-11         Orc: D:9-12

Altars:
Ashenzari
Cheibriados
Dithmenos
Elyvilon
Fedhas
Gozag
Hepliaklqana
Kikubaaqudgha
Makhleb
Nemelex Xobeh
Okawaru
Qazlal
Ru
Sif Muna
Trog
Uskayaw
Vehumet
Wu Jian
Xom
Yredelemnul
Zin
The Shining One

Shops:
D:6 (

Annotations:
D:9 2 transporters


Message History

Aiming: Freeze (safe; 1% risk of failure)
Press: ? - help, Shift-Dir - straight line, f - yak, p - death yak
Aim: a yak (severely wounded)
You feel a surge of power!
You freeze the yak.
The yak is severely wounded.
The yak misses you.
The wall freezes the death yak!
The death yak gores you!!
The wall freezes the death yak!
The death yak barely misses you.
An ogre comes into view. It is wielding a +0 giant spiked club.
Casting: Freeze (safe; 1% risk of failure)
Confirm with . or Enter, or press ? or * to list all spells.
Aiming: Freeze (safe; 1% risk of failure)
Press: ? - help, Shift-Dir - straight line, f/p - yak
Aim: a yak (severely wounded)
You feel a surge of power!
You freeze the yak.
The yak is almost dead.
The yak gores you.
The wall freezes the death yak.
The death yak completely misses you.
The wall freezes the death yak!
The death yak gores you!!
Ouch! That really hurt!
You die...

.+....# , ,, ,
......+ , , , ,
Y,##O...## * * +
YY#......#, * * #
, .....Y...+,, *,
# , ....{Y...# * ,
# , ,
..<.Y....######+##
* ,#
#####+#YY........#
,# * * ,
,,#@Y........# , #
, ,#..........# ,#
, ,, #..........#,
, ,#
,,,#..........# #
, * * *
#..........#######
, *
###+#......)......
, , , ,
#............. +
#............. ,
,, #.............


You could see 3 death yaks, 2 yaks and an ogre.

Vanquished Creatures
  A two-headed ogre (D:9)
  Pikel (D:8)
  A gargoyle (D:10)
  2 trolls (D:9)
  3 yaks (D:10)
  Menkaure (D:5)
  A water moccasin (D:5)
  2 sky beasts (D:8)
  2 ice beasts
  A black bear (D:9)
  4 centaurs
  2 big kobolds
  8 bullfrogs
  A gnoll sergeant (D:8)
  2 scorpions
  5 howler monkeys
  A bullfrog zombie (D:5)
  A quasit (D:6)
  3 hounds
  3 orc priests
  4 jellies
  A centaur skeleton (D:6)
  10 orc wizards
  2 bullfrog skeletons
  6 worker ants
  Natasha (thrice) (D:2)
  A hound zombie (D:7)
  2 howler monkey zombies
  A worker ant zombie (D:9)
  4 gnolls (D:8)
  A howler monkey skeleton (D:5)
  7 adders
  2 shadow imps
  2 white imps
  3 ufetubi
  3 oozes (D:1)
  An adder zombie (D:5)
  2 adder skeletons
  3 worms
  4 leopard geckos
  39 orcs
  A ball python (D:1)
  3 giant cockroaches
  8 hobgoblins
  2 jackals (D:5)
  19 kobolds
  3 quokkas
  7 bats
  4 frilled lizards (D:1)
  8 goblins
  2 quokka zombies
  7 rats
210 creatures vanquished.

Notes
Turn   | Place    | Note
-------+----------+-------------------------------------------
     0 | D:1      | buriedalive the Deep Elf Ice Elementalist began the quest
                  | for the Orb.
     0 | D:1      | Reached XP level 1. HP: 10/10 MP: 6/6
   195 | D:1      | Reached skill level 3 in Dodging
   195 | D:1      | Reached XP level 2. HP: 11/15 MP: 2/8
   811 | D:1      | Reached skill level 5 in Ice Magic
   811 | D:1      | Reached XP level 3. HP: 18/19 MP: 5/9
  1771 | D:2      | Found a basalt altar of Yredelemnul.
  1797 | D:2      | Learned a level 3 spell: Frozen Ramparts
  1801 | D:2      | Learned a level 3 spell: Ozocubu's Armour
  1864 | D:2      | Reached skill level 4 in Dodging
  1956 | D:2      | Noticed Natasha
  1964 | D:2      | Killed Natasha
  1965 | D:2      | Reached XP level 4. HP: 12/24 MP: 6/10
  2419 | D:2      | Noticed Natasha
  2429 | D:2      | Killed Natasha
  2637 | D:2      | Noticed Natasha
  2642 | D:2      | Killed Natasha
  2848 | D:3      | Reached XP level 5. HP: 24/28 MP: 8/11
  3379 | D:3      | Reached skill level 5 in Dodging
  4192 | D:4      | Found a staircase to the Ecumenical Temple.
  4209 | Temple   | Entered the Ecumenical Temple
  4278 | Temple   | Became a worshipper of Ashenzari the Shackled
  4750 | D:5      | Entered Level 5 of the Dungeon
  4771 | D:5      | Noticed a water moccasin
  4785 | D:5      | Killed a water moccasin
  4786 | D:5      | Reached skill level 6 in Dodging
  4786 | D:5      | Reached XP level 6. HP: 32/32 MP: 4/12
  5470 | D:5      | Noticed Menkaure
  5485 | D:5      | Killed Menkaure
  5486 | D:5      | Reached skill level 7 in Dodging
  5486 | D:5      | Reached XP level 7. HP: 17/36 MP: 2/13
  6324 | D:6      | Reached skill level 8 in Dodging
  6521 | D:6      | Reached XP level 8. HP: 41/41 MP: 14/14
  6610 | D:6      | Found Faufeim's Weapon Emporium.
  6647 | D:6      | Noticed a +0 hand axe
  6648 | D:6      | Noticed a +0 hand axe
  6654 | D:6      | Found a hide-covered altar of Uskayaw.
  7183 | D:6      | Reached skill level 9 in Dodging
  7361 | D:7      | Reached * piety under Ashenzari
  8254 | D:7      | Learned a level 4 spell: Summon Ice Beast
  8257 | D:7      | Learned a level 2 spell: Searing Ray
  8299 | D:8      | Reached skill level 1 in Conjurations
  8414 | D:8      | Reached skill level 10 in Dodging
  8423 | D:8      | HP: 2/41 [gnoll/+0 halberd (7)]
  8860 | D:8      | Identified a scroll of acquirement
  8861 | D:8      | Acquired a cursed staff of cold
  8875 | D:8      | Reached XP level 9. HP: 42/45 MP: 11/15
  8906 | D:8      | Found a sparkling altar of Nemelex Xobeh.
  8908 | D:8      | Found a glowing golden altar of the Shining One.
  8923 | D:8      | Reached skill level 10 in Ice Magic
  9068 | D:8      | Found a white marble altar of Elyvilon.
  9069 | D:8      | Found a burning altar of Makhleb.
  9218 | D:8      | Reached ** piety under Ashenzari
  9423 | D:8      | Found a snail-covered altar of Cheibriados.
  9923 | D:8      | Reached skill level 1 in Summonings
 10157 | D:9      | Noticed a two-headed ogre
 10266 | D:9      | Noticed Pikel
 10283 | D:8      | Killed Pikel
 10284 | D:8      | Reached skill level 11 in Dodging
 10670 | D:9      | Reached skill level 5 in Conjurations
 10714 | D:9      | Found a transporter.
 10735 | D:9      | Found a shadowy altar of Dithmenos.
 10739 | D:9      | Found a transporter.
 10871 | D:9      | Noticed a troll
 10925 | D:9      | Killed a troll
 11334 | D:9      | Noticed a troll
 11342 | D:9      | Killed a troll
 11494 | D:9      | Reached XP level 10. HP: 50/50 MP: 11/16
 11741 | D:9      | Killed a two-headed ogre
 11747 | D:9      | Reached skill level 12 in Dodging
 12048 | D:10     | Entered Level 10 of the Dungeon
 12059 | D:10     | Identified the ring of the Hart {rF+ Will+ Int+4}
 12060 | D:10     | Noticed a gargoyle
 12070 | D:10     | Killed a gargoyle
 12114 | D:10     | Noticed a death yak
 12125 | D:10     | Noticed a death yak
 12127 | D:10     | Noticed a death yak
 12130 | D:10     | Mangled by a death yak

Illustrated notes

Levels and vault maps discovered:
D:1:      mushboom_english_gardens, layout_loops_corners, supply_closet_lemuel
D:2:      minmay_wonky_spiral, layout_basic, general_overflow_altar,
          chequers_serial_rivers_marsh, uniq_natasha
D:3:      layout_basic, hangedman_decor_riveting
D:4:      minmay_polygon_palace, layout_basic, minmay_temple_entry_slanted
D:5:      layout_rooms, uniq_menkaure
D:6:      layout_basic, dancing_weapons_uskayaw, serial_shops, shop,
          mrwooster_statue_mirror
D:7:      layout_gridville
D:8:      layout_cave_pools, grunt_temple_overflow_open
D:9:      gammafunk_steamed_eel, layout_long_grid, kennysheep_mini, uniq_pikel
D:10:     layout_gridville, dpeg_lair_monsters, orc_0_dummy
Temple:   eino_temple_water

Skill      XL: |  1  2  3  4  5  6  7  8  9 10 |
---------------+-------------------------------+-----
Dodging        | 3 4 6 7 8 10 11 12 | 12.4
Ice Magic      | 5 6 7 8 9 10 | 10.0
Conjurations   | 2 5 7 |  7.5
Summonings     | 4 |  4.6
Stealth        | |  2.4
Spellcasting   | |  3.0

Action                   |  1- 3 |  4- 6 |  7- 9 | 10-12 || total
-------------------------+-------+-------+-------+-------++-------
Melee: Unarmed           |     2 |       |       |       ||     2
       Dagger            |    46 |    51 |   101 |       ||   198
       Staff             |       |       |    64 |    20 ||    84
Throw: Dart              |       |     1 |       |       ||     1
 Cast: Freeze            |    40 |    34 |    71 |    16 ||   161
       Frozen Ramparts   |       |    13 |    43 |     5 ||    61
       Ozocubu's Armour  |       |     4 |     9 |     1 ||    14
       Searing Ray       |       |       |     8 |     3 ||    11
Invok: Curse Item        |       |       |     2 |     1 ||     3
Evoke: Wand              |       |       |     3 |       ||     3
  Use: Scroll            |       |    13 |     7 |     2 ||    22
       Potion            |       |       |     3 |       ||     3
 Stab: Sleeping          |     9 |       |     3 |       ||    12
Armor: Robe              |    12 |    12 |    31 |       ||    55
       Leather armour    |       |       |    39 |     6 ||    45
Dodge: Dodged            |    54 |    50 |   331 |    46 ||   481
